 Dungeon Crawl Stone Soup version 0.28.0-43-g3370ac3207 (webtiles) character file.

Game seed: 11141186110876823051

30 cbfl8 the Grave Robber (level 3, 0/25 HPs)
             Began as a Mummy Necromancer on Mar 12, 2022.
             Slain by a kobold
             ... wielding a +4 short sword
              (1 damage)
             ... on level 1 of the Dungeon.
             The game lasted 00:04:19 (2588 turns).

cbfl8 the Grave Robber (Mummy Necromancer)          Turns: 2588, Time: 00:04:19

Health: 0/25       AC:  5    Str: 13    XL:     3   Next: 3%
Magic:  6/7        EV: 10    Int: 14    God:
Gold:   26         SH:  0    Dex: 12    Spells: 5/7 levels left

rFire   x . .      SeeInvis .   e - +1 short sword (venom)
rCold   + . .      Faith    .   (no shield)
rNeg    + + +      Spirit   .   h - +0 ring mail
rPois   ∞          Reflect  .   (no helmet)
rElec   .          Harm     .   (no cloak)
rCorr   .          Rampage  .   (no gloves)
Will    .....                   (no boots)
Stlth   +.........              (no amulet)
HPRegen 0.08/turn               (no ring)
MPRegen 0.10/turn               (no ring)

@: no status effects
A: cold resistance 1, negative energy resistance 3, torment resistance 2, heat
vulnerability 1, no potions
a: no special abilities


You were on level 1 of the Dungeon.
You visited 1 branch of the dungeon, and saw 2 of its levels.

You collected 26 gold pieces.

Inventory:

Hand Weapons
 e - a +1 short sword of venom (weapon)
Armour
 a - a +0 robe
 c - a +0 leather armour
 h - a +0 ring mail (worn)
Scrolls
 b - 2 scrolls of identify {unknown}
 d - a scroll of immolation
 f - a scroll of fear {unknown}
 g - a scroll of teleportation {unknown}


   Skills:
 + Level 0.5 Fighting
 + Level 1.6 Dodging
 + Level 1.7 Stealth
 + Level 0.5 Unarmed Combat
 + Level 2.8 Spellcasting
 + Level 4.5 Necromancy


You had 5 spell levels left.
You knew the following spells:

 Your Spells              Type           Power      Damage    Failure   Level
a - Pain                  Necr           56%        1d6       8%          1
b - Animate Skeleton      Necr           28%        N/A       8%          1

Your spell library contained the following spells:

 Spells                   Type           Power      Damage    Failure   Level
 Vampiric Draining        Necr           14%        2d7       22%         3
 Animate Dead             Necr           7%         N/A       58%         4
 Stone Arrow              Conj/Erth      2%         3d7       82%         3
 Agony                    Necr           14%        N/A       90%         5
 Animate Armour           Summ/Erth      2%         N/A       99%         4
 Lehudib's Crystal Spear  Conj/Erth      0%         10d2      100%        8


Dungeon Overview and Level Annotations

Branches:
Dungeon (2/15)

Altars:

Shops:
D:1 (


Innate Abilities, Weirdness & Mutations

You are immune to poison.
Your flesh is cold resistant. (rC+)
You are immune to negative energy. (rN+++)
You are immune to unholy pain and torment.
You are vulnerable to heat. (rF-)
You do not drink.


Message History

The kobold hits you with a +0 whip.
You hit the kobold but do no damage.
The kobold is moderately wounded.
The kobold barely misses you.
A rat comes into view.
You hit the kobold but do no damage.
The kobold is poisoned.
The kobold is moderately wounded.
The kobold hits you with a +0 whip.
You barely miss the kobold.
The kobold is moderately wounded.
The kobold closely misses you. The kobold hits you but does no damage.
The kobold barely misses you. The adder bites you but does no damage.
The kobold throws a stone.
The stone barely misses you. The adder closely misses you.
You kill the kobold!
The adder completely misses you. The adder closely misses you.
There is a stone staircase leading up here.
The adder bites you.
The kobold hits you with a +4 short sword.
You climb upwards.
There is a stone staircase leading down here.
You barely miss the adder. The adder completely misses you.
The kobold hits you with a +4 short sword!
* * * LOW HITPOINT WARNING * * *
The adder bites you.
* * * LOW HITPOINT WARNING * * *
You hit the adder.
The adder is poisoned.
The adder is moderately wounded.
The kobold hits you with a +4 short sword.
* * * LOW HITPOINT WARNING * * *
The adder bites you but does no damage.
Casting: Animate Skeleton (safe; 8% risk of failure)
Confirm with . or Enter, or press ? or * to list all spells.
Aiming: Pain (safe; 8% risk of failure)
Press: ? - help, Shift-Dir - straight line, f - adder
Aim: an adder (heavily wounded, very poisoned, chance to affect: 78%)
The adder writhes in agony.
The adder barely misses you.
The kobold hits you with a +4 short sword.
You die...

##..........#
#.......######
..........#.#
###...)......#
....#.##.#..##
#####.####.#
....._....+..# #.# #.#
##....#..#.(.###### #.#
#.# #...#..#.#........#
#.# #.#
.#...#...#..#.....###.#
#.#
##..#.................#
#.#
.#..#..#.#......@S#####
#.# ............#....K#
#.# #.###.#.#.#####.###
#.# ......#...# #.#
##.# #.###.###.# #.#
#..# #.# ##...## #.#
#.## #.# ##### #.# #.#
#.# #.# #.# #.#
#####.## #.#


You could see an adder (very poisoned) and a kobold.

Vanquished Creatures
  3 dart slugs (D:1)
  4 endoplasms (D:1)
  A goblin (D:1)
  2 hobgoblins (D:1)
  A quokka (D:1)
  A ball python (D:1)
  A bat (D:1)
  A frilled lizard (D:1)
  4 kobolds
  2 rats (D:1)
20 creatures vanquished.

Vanquished Creatures (collateral kills)
  A dart slug (D:1)
1 creature vanquished.

Grand Total: 21 creatures vanquished

Notes
Turn   | Place    | Note
-------+----------+-------------------------------------------
     0 | D:1      | cbfl8 the Mummy Necromancer began the quest for the Orb.
     0 | D:1      | Reached XP level 1. HP: 13/13 MP: 4/4
   252 | D:1      | Learned a level 1 spell: Animate Skeleton
   272 | D:1      | Found Pigiled's Weapon Emporium.
  1073 | D:1      | Reached XP level 2. HP: 7/19 MP: 5/5
  1462 | D:1      | Found a faded altar of an unknown god.
  2528 | D:1      | Reached XP level 3. HP: 23/25 MP: 7/7
  2587 | D:1      | HP: 1/25 [kobold/+4 short sword (2)]
  2588 | D:1      | Slain by a kobold

Illustrated notes

Levels and vault maps discovered:
D:1:      saegor_arrival_simple_b, layout_loops_ring,
          hellmonk_ecumenical_altar_blasted, serial_shops, shop
D:2:      layout_basic, serial_shops, nicolae_shop_crystal, nicolae_shop_trees,
          serial_corexii_hall, corexii_hall_statues_i,
          chequers_hall_statues_wall_a, chequers_hall_statues_y,
          corexii_hall_statues_x, minmay_misc_feat_rows, grunt_ministairs_3,
          minmay_vboxes

Action                   || total
-------------------------++-------
Melee: Unarmed           ||    61
       Short sword       ||    24
       Punch             ||     1
 Cast: Animate Skeleton  ||     3
       Pain              ||     4
 Stab: Sleeping          ||     1
Armor: Robe              ||     6
       Leather armour    ||     6
       Ring mail         ||     4
Dodge: Dodged            ||    49
